 Dungeon Crawl Stone Soup version 0.28-b1-25-g9875b3fc8c (webtiles) character file.

Game seed: 16209961651400020936

17 sanka the Sneak (level 2, 0/16 HPs)
             Began as a Tengu Enchanter on Feb 5, 2022.
             Slain by a kobold (5 damage)
             ... on level 2 of the Dungeon.
             The game lasted 00:00:45 (1531 turns).

sanka the Sneak (Tengu Enchanter)                   Turns: 1531, Time: 00:00:46

Health: 0/16       AC:  2    Str:  8    XL:     2   Next: 62%
Magic:  6/6        EV: 13    Int: 15    God:
Gold:   65         SH:  0    Dex: 14    Spells: 5/5 levels left

rFire   . . .      SeeInvis .   a - +1 dagger
rCold   . . .      Faith    .   (no shield)
rNeg    . . .      Spirit   .   b - +0 robe
rPois   .          Reflect  .   (helmet restricted)
rElec   .          Harm     .   (no cloak)
rCorr   .          Rampage  .   (no gloves)
Will    .....                   (boots unavailable)
Stlth   ++........              (no amulet)
HPRegen 0.05/turn               (no ring)
MPRegen 0.10/turn               (no ring)

@: no status effects
A: beak, talons 3
a: no special abilities


You were on level 2 of the Dungeon.
You visited 1 branch of the dungeon, and saw 2 of its levels.

You collected 65 gold pieces.

Inventory:

Hand Weapons
 a - a +1 dagger (weapon)
Armour
 b - a +0 robe (worn)
Jewellery
 e - a +4 ring of protection
Scrolls
 f - a scroll of teleportation {unknown}
Potions
 c - a potion of invisibility
 d - a potion of ambrosia {unknown}


   Skills:
 + Level 1.4 Fighting
 - Level 1.1 Short Blades
 + Level 2.9 Dodging
 - Level 3.0 Stealth
 - Level 2.0 Spellcasting
 - Level 2.1 Hexes


You had 5 spell levels left.
You didn't know any spells.
Your spell library contained the following spells:

 Spells                   Type           Power      Damage    Failure   Level
 Ensorcelled Hibernation  Hex/Ice        8%         N/A       22%         2
 Confusing Touch          Hex            8%         N/A       26%         3
 Tukima's Dance           Hex            8%         N/A       26%         3
 Dazzling Flash           Conj/Hex       8%         N/A       38%         3
 Petrify                  Tmut/Erth      1%         N/A       91%         4
 Metabolic Englaciation   Hex/Ice        2%         N/A       98%         5
 Statue Form              Tmut/Erth      0%         N/A       100%        6


Dungeon Overview and Level Annotations

Branches:
Dungeon (2/15)

Altars:


Innate Abilities, Weirdness & Mutations

You have a beak for a mouth.
You have claws for feet.


Message History

The bat barely misses you.
You hit the bat.
You kill the bat!
No target in view!
No target in view!
Found 26 sling bullets.
You see here 26 sling bullets.
You now have 65 gold pieces (gained 10).
f - a scroll labelled PUNYNA RYGIO
Found a pair of glowing gloves.
You see here a +2 pair of gloves.
A kobold comes into view. It is wielding a +0 short sword.
A hobgoblin comes into view.
The hobgoblin shouts!
The kobold shouts!
The hobgoblin barely misses you.
You hit the hobgoblin. You peck the hobgoblin.
The hobgoblin is heavily wounded.
The hobgoblin hits you.
You closely miss the hobgoblin. You peck the hobgoblin.
You kill the hobgoblin!
You hit the kobold. You claw the kobold, but do no damage.
The kobold is moderately wounded.
The kobold misses you.
You completely miss the kobold. You claw the kobold, but do no damage.
Your peck misses the kobold.
The kobold is moderately wounded.
The kobold hits you with a +0 short sword.
You hit the kobold but do no damage. Your kick misses the kobold.
Your peck misses the kobold.
The kobold is moderately wounded.
The kobold hits you with a +0 short sword.
You are too injured to fight recklessly!
You are too injured to fight recklessly!
You are too injured to fight recklessly!
You are too injured to fight recklessly!
You barely miss the kobold. Your kick misses the kobold.
Your punch misses the kobold.
The kobold is moderately wounded.
The kobold hits you with a +0 short sword.
You die...

#[# #.# #.#
#.# #.# #.#
#.#
#.###.####
#...K@...#
#........#
..........##
#.#.....#.#
#..####.#.#
... ....# .#
#####


You could see a kobold.

Vanquished Creatures
  A dart slug (D:1)
  3 bats
  3 endoplasms (D:1)
  A goblin (D:1)
  A hobgoblin (D:2)
  A quokka (D:1)
  3 frilled lizards
  A rat (D:1)
14 creatures vanquished.

Notes
Turn   | Place    | Note
-------+----------+-------------------------------------------
     0 | D:1      | sanka the Tengu Enchanter began the quest for the Orb.
     0 | D:1      | Reached XP level 1. HP: 10/10 MP: 4/4
   380 | D:1      | Reached skill level 1 in Fighting
   380 | D:1      | Reached XP level 2. HP: 16/16 MP: 6/6
   948 | D:1      | Found a faded altar of an unknown god.
  1531 | D:2      | Slain by a kobold

Illustrated notes

Levels and vault maps discovered:
D:1:      dpeg_arrival_tiny_a, layout_basic, basic_ecumenical_altar,
          wad_floor_pattern_2, corner_web_ring
D:2:      layout_basic, uniq_jessica, uniq_terence

Skill      XL: |  1 |
---------------+----+-----
Fighting       | 1 |  1.4
Short Blades   | |  1.1
Dodging        | |  2.9
Stealth        | |  3.0
Spellcasting   | |  2.0
Hexes          | |  2.1

Action                   || total
-------------------------++-------
Melee: Dagger            ||    48
       Kick              ||    11
       Peck              ||     7
 Stab: Sleeping          ||     1
Armor: Robe              ||     9
Dodge: Dodged            ||    24
